Blues vs Devils

Created - 19 février 2020 at 19:32

Goals
1 2 3 T
Blues 0 1 0 1
Devils 3 1 4 8
Shots
1 2 3 T
Blues 8 12 10 30
Devils 13 13 16 42

1st period

1. Devils , Anze Kopitar 18 (Pavel Buchnevich 16, Jeff Skinner 37) at 2:17
2. Devils , Pavel Buchnevich 12 (Anze Kopitar 28) at 9:25
3. Devils , Patrice Bergeron 20 (Johnny Gaudreau 18, Alex DeBrincat 20) at 17:39

Penalties :
No Penalty

2nd period

4. Devils , Radek Faksa 16 (Roope Hintz 5) at 4:01
5. Blues , MacKenzie Weegar 1 (Denis Malgin 10, Curtis Lazar 10) at 11:25

Penalties :
Ryan Reaves (STL) for Hooking (Minor) at 12:04, Michael Frolik (STL) for Holding (Minor) at 19:24

3rd period

6. Devils , Dominik Kahun 10 (Kyle Turris 16, Sam Steel 15) at 1:42
7. Devils , Roope Hintz 8 (Radek Faksa 16, Torey Krug 9) at 6:11
8. Devils , Patrice Bergeron 21 (Johnny Gaudreau 19) at 7:48
9. Devils , Anze Kopitar 19 (Jared Spurgeon 21, Jeff Skinner 38) at 10:57

Penalties :
Anthony Cirelli (STL) for High sticking (Minor) at 13:21, Jeff Skinner (NJD) for High sticking (Minor) at 19:52

Goalie Stats

Jonathan Quick (STL), 13 saves from 17 shots - (0,765), L, 17-24-5, 24:01 minutes
Tom McCollum (STL), 21 saves from 25 shots - (0,840), 35:59 minutes
Devan Dubnyk (NJD), 29 saves from 30 shots - (0,967), W, 22-16-3, 60:00 minutes

Players Stats for Blues

Player Name              G  A  P  +/- PIM S  H  SB GA TA FO     MP     PP MP  PK MP  
------------------------------------------------------------------------------------
Adam Fox                 0  0  0  -1  0   1  1  0  0  0  0/0    19:35   0:00   2:17 
Alex Dostie              0  0  0   0  0   0  0  0  0  0  0/1     2:49   0:00   0:00 
Anthony Cirelli          0  0  0  -3  2   3  4  1  1  0  8/25   23:05   0:07   2:20 
Brendan Smith            0  0  0  -1  0   0  1  0  0  0  0/0    13:09   0:00   0:00 
Cody Eakin               0  0  0  -2  0   2  0  1  1  0  0/1    19:19   0:07   3:20 
Colin White              0  0  0  -2  0   2  1  1  1  0  0/0    17:17   0:07   1:12 
Corey Perry              0  0  0  -5  0   2  3  0  0  0  0/0    16:25   0:00   0:00 
Curtis Lazar             0  1  1   1  0   3  1  0  0  1  0/1    13:55   0:00   0:00 
Denis Malgin             0  1  1   1  0   3  2  0  1  0  1/5    15:08   0:00   0:55 
Dominik Simon            0  0  0  -1  0   0  0  0  0  0  0/3     7:20   0:00   0:00 
Jason Demers             0  0  0  -5  0   3  1  4  0  3  0/0    27:03   0:07   3:40 
Jeremy Bracco            0  0  0  -1  0   0  0  1  0  0  0/1     9:11   0:00   1:51 
Jordan Oesterle          0  0  0  -5  0   1  0  0  0  2  0/0    23:00   0:07   3:40 
MacKenzie Weegar         1  0  1  -1  0   1  1  3  0  1  0/0    13:09   0:00   0:00 
Matt Benning             0  0  0  -1  0   1  1  4  1  0  0/0    19:29   0:00   2:17 
Melker Karlsson          0  0  0  -5  0   2  1  1  0  0  1/6    18:08   0:00   1:25 
Michael Frolik           0  0  0  -5  2   3  1  0  0  0  1/1    17:23   0:00   0:51 
Ryan Reaves              0  0  0   1  2   3  5  0  0  0  0/0    14:00   0:00   0:00 
Ryan Sproul              0  0  0   0  0   0  0  0  0  0  0/0     4:35   0:00   0:00 

Players Stats for Devils

Player Name              G  A  P  +/- PIM S  H  SB GA TA FO     MP     PP MP  PK MP  
------------------------------------------------------------------------------------
Alex DeBrincat           0  1  1   1  0   1  0  0  0  0  0/0    19:41   3:01   0:00 
Anze Kopitar             2  1  3   3  0   4  2  1  0  1  9/13   18:13   2:55   0:00 
Brandon Carlo            0  0  0   3  0   2  1  0  0  0  0/0    20:26   0:00   0:07 
Calvin de Haan           0  0  0   1  0   3  3  2  0  0  0/0    23:06   2:20   0:00 
Dominik Kahun            1  0  1   1  0   3  2  1  1  1  0/0    12:09   0:01   0:00 
Jared Spurgeon           0  1  1   3  0   1  2  0  0  2  0/0    22:25   3:37   0:00 
Jeff Skinner             0  2  2   3  2   4  0  0  0  0  0/1    18:12   2:55   0:00 
Johnny Gaudreau          0  2  2   1  0   1  2  0  2  0  0/1    19:41   3:01   0:00 
Jonathon Merrill         0  0  0   3  0   2  1  2  0  0  0/0    12:49   0:00   0:07 
Kyle Turris              0  1  1   1  0   3  2  0  0  0  0/0    11:52   0:00   0:00 
Neal Pionk               0  0  0   1  0   2  1  2  1  0  0/0    24:46   2:20   0:00 
Patrice Bergeron         2  0  2   1  0   6  3  0  0  1  13/17  19:41   3:01   0:00 
Pavel Buchnevich         1  1  2   3  0   2  1  1  1  0  0/0    18:13   2:55   0:00 
Radek Faksa              1  1  2   2  0   3  3  0  1  0  8/8     9:50   0:00   0:00 
Roope Hintz              1  1  2   2  0   3  1  0  0  0  0/0    10:07   0:01   0:00 
Sam Steel                0  1  1   1  0   0  1  0  0  0  2/3    12:16   0:01   0:07 
Torey Krug               0  1  1   3  0   1  3  0  0  0  0/0    16:28   3:37   0:00 
Valtteri Filppula        0  0  0   2  0   1  0  0  1  0  1/1     9:57   0:00   0:07 

3 Stars

1 - Anze Kopitar (NJD)
2 - Patrice Bergeron (NJD)
3 - Pavel Buchnevich (NJD)

Power Play

Blues - 0 on 1 Attempt(s) - 0,00%
Devils - 0 on 3 Attempt(s) - 0,00%

Penalty Kill

Blues - 3 on 3 Attempt(s) - 100,00% - Score 0 goal in Penalty Kill
Devils - 1 on 1 Attempt(s) - 100,00% - Score 0 goal in Penalty Kill

Team Stat

Blues - Hits : 23 - Faceoff Wins : 11 - Blocked Shots : 16 - Penalty Minutes : 6
Devils - Hits : 28 - Faceoff Wins : 33 - Blocked Shots : 9 - Penalty Minutes : 2

Official

Referees : Tom Chmielewski and Mike Hasenfratz
Linesman : Brian Mach and Lonnie Cameron

Game Notes

Tom McCollum enters game at 4:01 of 2nd period

Finance

Level 1 -- Attendance: 5095 (84,92%) -- Ticket Income 509 500 $
Level 2 -- Attendance: 4515 (90,30%) -- Ticket Income 270 900 $
Level 3 -- Attendance: 1927 (96,35%) -- Ticket Income 67 445 $
Level 4 -- Attendance: 4000 (100,00%) -- Ticket Income 80 000 $
Luxury Box -- Attendance: 811 (81,10%) -- Ticket Income 162 200 $
Game was played at the Hellgates Center.
Total Attendance: 16348 (90,82%)
Total Ticket Income: 1 090 045 $
Other Income: 534 122 $
Total Income: 1 624 167 $

Blues

5 vs 5 Forward 
   Center                   Left Wing                Right Wing               Time % Phy DF OF 
 1 Anthony Cirelli          Cody Eakin               Colin White              40     1   2  2  
 2 Melker Karlsson          Michael Frolik           Corey Perry              30     1   2  2  
 3 Denis Malgin             Ryan Reaves              Curtis Lazar             20     1   2  2  
 4 Dominik Simon            Anthony Cirelli          Jeremy Bracco            10     1   2  2  

5 vs 5 Defense 
   Defense                  Defense                                           Time % Phy DF OF 
 1 Jason Demers             Jordan Oesterle                                   40     1   2  2  
 2 Matt Benning             Adam Fox                                          30     1   2  2  
 3 Brendan Smith            MacKenzie Weegar                                  20     1   2  2  
 4 Ryan Sproul              Jason Demers                                      10     1   2  2  

PowerPlay Forward 
   Center                   Left Wing                Right Wing               Time % Phy DF OF 
 1 Anthony Cirelli          Cody Eakin               Colin White              60     1   2  2  
 2 Melker Karlsson          Michael Frolik           Corey Perry              40     1   2  2  

PowerPlay Defense
   Defense                  Defense                                           Time % Phy DF OF 
 1 Jason Demers             Jordan Oesterle                                   60     1   2  2  
 2 Matt Benning             Adam Fox                                          40     1   2  2  

Penalty Kill 4 Players Forward 
   Center                   Wing                     Time % Phy DF OF 
 1 Anthony Cirelli          Cody Eakin               60     1   2  2  
 2 Colin White              Michael Frolik           40     1   2  2  

Penalty Kill 4 Players Defense
   Defense                  Defense                  Time % Phy DF OF 
 1 Jason Demers             Jordan Oesterle          60     1   2  2  
 2 Matt Benning             Adam Fox                 40     1   2  2  

Penalty Kill - 3 Players Forward 
   Forward                                           Time % Phy DF OF 
 1 Anthony Cirelli                                   60     1   2  2  
 2 Cody Eakin                                        40     1   2  2  

Penalty Kill - 3 Players Defense
   Defense                  Defense                  Time % Phy DF OF 
 1 Jason Demers             Jordan Oesterle          60     1   2  2  
 2 Matt Benning             Adam Fox                 40     1   2  2  

4 vs 4 Forward 
   Center                   Wing                     Time % Phy DF OF 
 1 Anthony Cirelli          Cody Eakin               60     1   2  2  
 2 Colin White              Michael Frolik           40     1   2  2  

4 vs 4 Defense
   Defense                  Defense                  Time % Phy DF OF 
 1 Jason Demers             Jordan Oesterle          60     1   2  2  
 2 Matt Benning             Adam Fox                 40     1   2  2  

Last Minutes Offensive
   Center                   Left Wing                Right Wing               Defense                  Defense                  
   Anthony Cirelli          Cody Eakin               Colin White              Jason Demers             Jordan Oesterle          

Last Minutes Defensive
   Center                   Left Wing                Right Wing               Defense                  Defense                  
   Anthony Cirelli          Cody Eakin               Colin White              Jason Demers             Jordan Oesterle          

Goaltenders
Starting : Jonathan Quick           
Backup : Tom McCollum             

Extra Forwards
Normal : Alex Dostie, Curtis Lazar, Jeremy Bracco - PP : Alex Dostie, Curtis Lazar - PK : Jeremy Bracco
Extra Defensemen
Normal : Brendan Smith, MacKenzie Weegar, Ryan Sproul - PP : Brendan Smith - PK : MacKenzie Weegar, Ryan Sproul
Penalty Shots
Anthony Cirelli, Cody Eakin, Colin White, Michael Frolik, Corey Perry
Custom OT Lines Forwards
Anthony Cirelli, Cody Eakin, Colin White, Michael Frolik, Corey Perry, Melker Karlsson, Curtis Lazar, Jeremy Bracco, Ryan Reaves, Denis Malgin
Custom OT Lines Defensemen
Jason Demers, Jordan Oesterle, Matt Benning, Adam Fox, Brendan Smith

Scratches
David Schlemko (Healthy), Matt Martin (Healthy)

Devils

5 vs 5 Forward 
   Center                   Left Wing                Right Wing               Time % Phy DF OF 
 1 Patrice Bergeron         Johnny Gaudreau          Alex DeBrincat           33     0   1  4  
 2 Anze Kopitar             Pavel Buchnevich         Jeff Skinner             30     0   1  4  
 3 Sam Steel                Dominik Kahun            Kyle Turris              20     0   2  3  
 4 Radek Faksa              Valtteri Filppula        Roope Hintz              17     0   2  3  

5 vs 5 Defense 
   Defense                  Defense                                           Time % Phy DF OF 
 1 Jared Spurgeon           Brandon Carlo                                     37     0   2  3  
 2 Neal Pionk               Calvin de Haan                                    37     0   2  3  
 3 Torey Krug               Jonathon Merrill                                  20     1   3  1  
 4 Brandon Carlo            Neal Pionk                                        6      1   3  1  

PowerPlay Forward 
   Center                   Left Wing                Right Wing               Time % Phy DF OF 
 1 Patrice Bergeron         Alex DeBrincat           Johnny Gaudreau          50     0   0  5  
 2 Anze Kopitar             Jeff Skinner             Pavel Buchnevich         50     0   0  5  

PowerPlay Defense
   Defense                  Defense                                           Time % Phy DF OF 
 1 Torey Krug               Jared Spurgeon                                    67     0   0  5  
 2 Neal Pionk               Calvin de Haan                                    33     0   0  5  

Penalty Kill 4 Players Forward 
   Center                   Wing                     Time % Phy DF OF 
 1 Radek Faksa              Roope Hintz              45     1   4  0  
 2 Valtteri Filppula        Sam Steel                55     1   4  0  

Penalty Kill 4 Players Defense
   Defense                  Defense                  Time % Phy DF OF 
 1 Jonathon Merrill         Brandon Carlo            55     1   4  0  
 2 Jared Spurgeon           Neal Pionk               45     1   4  0  

Penalty Kill - 3 Players Forward 
   Forward                                           Time % Phy DF OF 
 1 Radek Faksa                                       60     0   5  0  
 2 Valtteri Filppula                                 40     0   5  0  

Penalty Kill - 3 Players Defense
   Defense                  Defense                  Time % Phy DF OF 
 1 Calvin de Haan           Neal Pionk               59     1   4  0  
 2 Jared Spurgeon           Brandon Carlo            41     1   4  0  

4 vs 4 Forward 
   Center                   Wing                     Time % Phy DF OF 
 1 Patrice Bergeron         Johnny Gaudreau          50     0   1  4  
 2 Anze Kopitar             Alex DeBrincat           50     0   1  4  

4 vs 4 Defense
   Defense                  Defense                  Time % Phy DF OF 
 1 Torey Krug               Calvin de Haan           52     1   2  2  
 2 Jared Spurgeon           Neal Pionk               48     1   2  2  

Last Minutes Offensive
   Center                   Left Wing                Right Wing               Defense                  Defense                  
   Patrice Bergeron         Pavel Buchnevich         Johnny Gaudreau          Torey Krug               Jared Spurgeon           

Last Minutes Defensive
   Center                   Left Wing                Right Wing               Defense                  Defense                  
   Anze Kopitar             Pavel Buchnevich         Roope Hintz              Neal Pionk               Brandon Carlo            

Goaltenders
Starting : Devan Dubnyk             
Backup : Sergei Bobrovsky         

Extra Forwards
Normal : Anze Kopitar, Patrice Bergeron, Kyle Turris - PP : Anze Kopitar, Patrice Bergeron - PK : Kyle Turris
Extra Defensemen
Normal : Calvin de Haan, Brandon Carlo, Jared Spurgeon - PP : Jared Spurgeon - PK : Brandon Carlo, Jared Spurgeon
Penalty Shots
Johnny Gaudreau, Anze Kopitar, Calvin de Haan, Kyle Turris, Patrice Bergeron
Custom OT Lines Forwards
Valtteri Filppula, Pavel Buchnevich, Jeff Skinner, Sam Steel, Alex DeBrincat, Anze Kopitar, Patrice Bergeron, Roope Hintz, Kyle Turris, Johnny Gaudreau
Custom OT Lines Defensemen
Torey Krug, Brandon Carlo, Jared Spurgeon, Calvin de Haan, Neal Pionk

Scratches
Michael Del Zotto (Healthy), Cal O'Reilly (Healthy)

% Time on Ice - Blues

Lines # - Real PCT - Wanted PCT - Time Play
Normal Forward
1 - 30% - 40% - 16:10
2 - 31% - 30% - 16:31
3 - 26% - 20% - 13:55
4 - 14% - 10% - 7:20
Normal Defense
1 - 36% - 40% - 19:13
2 - 32% - 30% - 17:12
3 - 24% - 20% - 13:09
4 - 8% - 10% - 4:22
PP Forward
1 - 100% - 60% - 0:07
2 - 0% - 40% - 0:00
PP Defense
1 - 100% - 60% - 0:07
2 - 0% - 40% - 0:00
PK Forward
1 - 84% - 60% - 4:59
2 - 16% - 40% - 0:58
PK Defense
1 - 62% - 60% - 3:40
2 - 38% - 40% - 2:17
PK3 Forward
1 - 0% - 60%
2 - 0% - 40%
PK3 Defense
1 - 0% - 60%
2 - 0% - 40%
44 Forward
1 - 0% - 60%
2 - 0% - 40%
44 Defense
1 - 0% - 60%
2 - 0% - 40%
Last Minute Offensive  - 0:00
Last Minute Defensive  - 0:00
Total
Forward - 60:00
Defense - 60:00

% Time on Ice - Devils

Lines # - Real PCT - Wanted PCT - Time Play
Normal Forward
1 - 31% - 33% - 16:56
2 - 28% - 30% - 15:18
3 - 22% - 20% - 11:52
4 - 18% - 17% - 9:50
Normal Defense
1 - 34% - 37% - 18:30
2 - 38% - 37% - 20:15
3 - 24% - 20% - 12:42
4 - 5% - 6% - 2:29
PP Forward
1 - 51% - 50% - 3:02
2 - 49% - 50% - 2:55
PP Defense
1 - 61% - 67% - 3:37
2 - 39% - 33% - 2:20
PK Forward
1 - 0% - 45% - 0:00
2 - 100% - 55% - 0:07
PK Defense
1 - 100% - 55% - 0:07
2 - 0% - 45% - 0:00
PK3 Forward
1 - 0% - 60%
2 - 0% - 40%
PK3 Defense
1 - 0% - 59%
2 - 0% - 41%
44 Forward
1 - 0% - 50%
2 - 0% - 50%
44 Defense
1 - 0% - 52%
2 - 0% - 48%
Last Minute Offensive  - 0:00
Last Minute Defensive  - 0:00
Total
Forward - 60:00
Defense - 60:00

Play-by-Play

1st period


0:01 of 1st period - Patrice Bergeron wins face-off versus Anthony Cirelli in neutral zone.
0:26 of 1st period - Brandon Carlo is hit by Michael Frolik.
1:37 of 1st period - Snap shot by Patrice Bergeron.
1:37 of 1st period - Stopped by Jonathan Quick with a rebound.
1:39 of 1st period - Slapshot by Jonathon Merrill.
1:39 of 1st period - Deflect By Jason Demers.
1:39 of 1st period - Stopped by Jonathan Quick without a rebound.
1:40 of 1st period - Anze Kopitar wins face-off versus Cody Eakin in Blues zone.
1:49 of 1st period - Wrist shot by Jeff Skinner.
1:49 of 1st period - Shot Blocked by Jason Demers.
2:17 of 1st period - Snap shot by Anze Kopitar.
2:17 of 1st period - Goal by Anze Kopitar - Blues : 0 - Devils : 1.
2:18 of 1st period - Anthony Cirelli wins face-off versus Sam Steel in neutral zone.
2:32 of 1st period - Slapshot by Kyle Turris.
2:32 of 1st period - Deflect By Anthony Cirelli.
2:32 of 1st period - Shot Misses the Net.
2:32 of 1st period - Puck is out of play.
2:33 of 1st period - Patrice Bergeron wins face-off versus Denis Malgin in Blues zone.
3:00 of 1st period - Anthony Cirelli is hit by Calvin de Haan and loses puck.
3:25 of 1st period - Valtteri Filppula is hit by Jason Demers and loses puck.
3:30 of 1st period - Snap shot by Michael Frolik.
3:30 of 1st period - Shot Blocked by Jonathon Merrill.
3:32 of 1st period - Slapshot by Jason Demers.
3:32 of 1st period - Stopped by Devan Dubnyk with a rebound.
3:34 of 1st period - Wrist shot by Melker Karlsson.
3:34 of 1st period - Shot Blocked by Jonathon Merrill.
3:36 of 1st period - Slapshot by Jordan Oesterle.
3:36 of 1st period - Shot Misses the Net.
3:54 of 1st period - Snap shot by Jeff Skinner.
3:54 of 1st period - Shot Blocked by Matt Benning.
4:06 of 1st period - Adam Fox is hit by Patrice Bergeron and loses puck.
4:45 of 1st period - Sam Steel is hit by Corey Perry and loses puck.
5:00 of 1st period - Snap shot by Pavel Buchnevich.
5:00 of 1st period - Shot Blocked by Colin White.
5:02 of 1st period - Snap shot by Calvin de Haan.
5:02 of 1st period - Stopped by Jonathan Quick without a rebound.
5:03 of 1st period - Patrice Bergeron wins face-off versus Denis Malgin in Blues zone.
5:18 of 1st period - Snap shot by Patrice Bergeron.
5:18 of 1st period - Shot Blocked by MacKenzie Weegar.
5:20 of 1st period - Slapshot by Brandon Carlo.
5:20 of 1st period - Stopped by Jonathan Quick with a rebound.
5:30 of 1st period - Anze Kopitar is hit by Brendan Smith and loses puck.
5:51 of 1st period - Michael Frolik is hit by Calvin de Haan and loses puck.
6:18 of 1st period - Michael Frolik is hit by Patrice Bergeron and loses puck.
6:35 of 1st period - Jonathon Merrill is hit by Matt Benning and loses puck.
6:42 of 1st period - Snap shot by Corey Perry.
6:42 of 1st period - Shot Misses the Net.
6:54 of 1st period - Jonathon Merrill is hit by Anthony Cirelli and loses puck.
7:06 of 1st period - Calvin de Haan is hit by Anthony Cirelli and loses puck.
7:13 of 1st period - Jason Demers is hit by Dominik Kahun.
7:27 of 1st period - Slapshot by Alex DeBrincat.
7:27 of 1st period - Stopped by Jonathan Quick with a rebound.
7:29 of 1st period - Slapshot by Neal Pionk.
7:29 of 1st period - Deflect By Curtis Lazar.
7:29 of 1st period - Stopped by Jonathan Quick with a rebound.
7:33 of 1st period - Wrist shot by Patrice Bergeron.
7:33 of 1st period - Stopped by Jonathan Quick with a rebound.
7:37 of 1st period - Snap shot by Patrice Bergeron.
7:37 of 1st period - Stopped by Jonathan Quick with a rebound.
7:47 of 1st period - Snap shot by Anthony Cirelli.
7:47 of 1st period - Stopped by Devan Dubnyk with a rebound.
8:07 of 1st period - Matt Benning is hit by Pavel Buchnevich and loses puck.
8:16 of 1st period - Snap shot by Jeff Skinner.
8:16 of 1st period - Stopped by Jonathan Quick with a rebound.
8:27 of 1st period - Off-side.
8:28 of 1st period - Patrice Bergeron wins face-off versus Denis Malgin in neutral zone.
8:41 of 1st period - Snap shot by Johnny Gaudreau.
8:41 of 1st period - Stopped by Jonathan Quick with a rebound.
9:25 of 1st period - Snap shot by Pavel Buchnevich.
9:25 of 1st period - Goal by Pavel Buchnevich - Blues : 0 - Devils : 2.
9:26 of 1st period - Anthony Cirelli wins face-off versus Patrice Bergeron in neutral zone.
9:53 of 1st period - Brandon Carlo is hit by MacKenzie Weegar and loses puck.
10:04 of 1st period - Snap shot by Michael Frolik.
10:04 of 1st period - Stopped by Devan Dubnyk with a rebound.
10:26 of 1st period - Sam Steel is hit by Denis Malgin and loses puck.
11:52 of 1st period - MacKenzie Weegar is hit by Torey Krug and loses puck.
12:24 of 1st period - Off-side.
12:25 of 1st period - Radek Faksa wins face-off versus Alex Dostie in neutral zone.
13:42 of 1st period - Jeremy Bracco is hit by Jared Spurgeon and loses puck.
14:56 of 1st period - Dominik Kahun is hit by Ryan Reaves and loses puck.
15:01 of 1st period - Snap shot by Curtis Lazar.
15:01 of 1st period - Stopped by Devan Dubnyk without a rebound.
15:02 of 1st period - Melker Karlsson wins face-off versus Anze Kopitar in Devils zone.
15:38 of 1st period - Wrist shot by Ryan Reaves.
15:38 of 1st period - Shot Hit the Post.
16:08 of 1st period - Dominik Kahun is hit by Corey Perry and loses puck.
16:12 of 1st period - Icing by Neal Pionk.
16:13 of 1st period - Sam Steel wins face-off versus Anthony Cirelli in Devils zone.
16:46 of 1st period - Wrist shot by Michael Frolik.
16:46 of 1st period - Stopped by Devan Dubnyk with a rebound.
16:48 of 1st period - Slapshot by Corey Perry.
16:48 of 1st period - Stopped by Devan Dubnyk with a rebound.
17:00 of 1st period - Snap shot by Denis Malgin.
17:00 of 1st period - Stopped by Devan Dubnyk without a rebound.
17:01 of 1st period - Radek Faksa wins face-off versus Curtis Lazar in Devils zone.
17:12 of 1st period - Radek Faksa is hit by Ryan Reaves and loses puck.
17:35 of 1st period - Slapshot by Patrice Bergeron.
17:35 of 1st period - Shot Blocked by Jason Demers.
17:39 of 1st period - Snap shot by Patrice Bergeron.
17:39 of 1st period - Goal by Patrice Bergeron - Blues : 0 - Devils : 3.
17:40 of 1st period - Anthony Cirelli wins face-off versus Patrice Bergeron in neutral zone.
17:51 of 1st period - Slapshot by Patrice Bergeron.
17:51 of 1st period - Shot Misses the Net.
18:05 of 1st period - Melker Karlsson is hit by Brandon Carlo.
18:13 of 1st period - Snap shot by Anze Kopitar.
18:13 of 1st period - Shot Misses the Net.
18:51 of 1st period - Slapshot by Colin White.
18:51 of 1st period - Shot Misses the Net.
19:13 of 1st period - Wrist shot by Denis Malgin.
19:13 of 1st period - Stopped by Devan Dubnyk without a rebound.
19:14 of 1st period - Denis Malgin wins face-off versus Patrice Bergeron in Devils zone.
19:21 of 1st period - Alex DeBrincat is hit by Ryan Reaves and loses puck.
Goals for this period are 0 for Blues vs 3 for Devils.
Shots for this period are 8 for Blues vs 13 for Devils.

2nd period


0:01 of 2nd period - Anthony Cirelli wins face-off versus Patrice Bergeron in neutral zone.
0:06 of 2nd period - Snap shot by Cody Eakin.
0:06 of 2nd period - Stopped by Devan Dubnyk with a rebound.
0:58 of 2nd period - Wrist shot by Kyle Turris.
0:58 of 2nd period - Shot Blocked by Matt Benning.
1:08 of 2nd period - Brandon Carlo is hit by Anthony Cirelli and loses puck.
2:34 of 2nd period - Wrist shot by Michael Frolik.
2:34 of 2nd period - Shot Misses the Net.
2:36 of 2nd period - Snap shot by Melker Karlsson.
2:36 of 2nd period - Shot Misses the Net.
2:38 of 2nd period - Snap shot by Michael Frolik.
2:38 of 2nd period - Shot Misses the Net.
3:21 of 2nd period - Slapshot by Jonathon Merrill.
3:21 of 2nd period - Stopped by Jonathan Quick without a rebound.
3:22 of 2nd period - Patrice Bergeron wins face-off versus Anthony Cirelli in Blues zone.
3:49 of 2nd period - Pavel Buchnevich is hit by Ryan Reaves.
3:57 of 2nd period - Backhand shot by Anze Kopitar.
3:57 of 2nd period - Stopped by Jonathan Quick without a rebound.
3:58 of 2nd period - Radek Faksa wins face-off versus Melker Karlsson in Blues zone.
3:59 of 2nd period - Snap shot by Roope Hintz.
3:59 of 2nd period - Stopped by Jonathan Quick with a rebound.
4:01 of 2nd period - Snap shot by Radek Faksa.
4:01 of 2nd period - Goal by Radek Faksa - Blues : 0 - Devils : 4.
4:01 of 2nd period - Tom McCollum enters game.
4:02 of 2nd period - Patrice Bergeron wins face-off versus Anthony Cirelli in neutral zone.
4:15 of 2nd period - Jason Demers is hit by Patrice Bergeron and loses puck.
4:25 of 2nd period - Icing by Anthony Cirelli.
4:26 of 2nd period - Anthony Cirelli wins face-off versus Jeff Skinner in Blues zone.
4:30 of 2nd period - Off-side.
4:31 of 2nd period - Michael Frolik wins face-off versus Anze Kopitar in neutral zone.
4:38 of 2nd period - Wrist shot by Melker Karlsson.
4:38 of 2nd period - Stopped by Devan Dubnyk with a rebound.
4:44 of 2nd period - Snap shot by Melker Karlsson.
4:44 of 2nd period - Stopped by Devan Dubnyk with a rebound.
5:18 of 2nd period - Wrist shot by Roope Hintz.
5:18 of 2nd period - Stopped by Tom McCollum without a rebound.
5:19 of 2nd period - Radek Faksa wins face-off versus Denis Malgin in Blues zone.
5:48 of 2nd period - Snap shot by Anthony Cirelli.
5:48 of 2nd period - Stopped by Devan Dubnyk with a rebound.
5:50 of 2nd period - Wrist shot by Colin White.
5:50 of 2nd period - Shot Misses the Net.
5:52 of 2nd period - Snap shot by Anthony Cirelli.
5:52 of 2nd period - Deflect By Colin White.
5:52 of 2nd period - Stopped by Devan Dubnyk without a rebound.
5:53 of 2nd period - Anthony Cirelli wins face-off versus Anze Kopitar in Devils zone.
5:59 of 2nd period - Slapshot by Jason Demers.
5:59 of 2nd period - Stopped by Devan Dubnyk with a rebound.
6:01 of 2nd period - Slapshot by Jordan Oesterle.
6:01 of 2nd period - Shot Misses the Net.
6:03 of 2nd period - Slapshot by Colin White.
6:03 of 2nd period - Shot Blocked by Pavel Buchnevich.
6:05 of 2nd period - Wrist shot by Anthony Cirelli.
6:05 of 2nd period - Shot Misses the Net.
6:07 of 2nd period - Wrist shot by Cody Eakin.
6:07 of 2nd period - Stopped by Devan Dubnyk with a rebound.
6:09 of 2nd period - Wrist shot by Colin White.
6:09 of 2nd period - Shot Blocked by Anze Kopitar.
6:19 of 2nd period - Jordan Oesterle is hit by Calvin de Haan and loses puck.
6:40 of 2nd period - Slapshot by Sam Steel.
6:40 of 2nd period - Shot Misses the Net.
6:42 of 2nd period - Wrist shot by Brandon Carlo.
6:42 of 2nd period - Stopped by Tom McCollum with a rebound.
6:44 of 2nd period - Wrist shot by Dominik Kahun.
6:44 of 2nd period - Stopped by Tom McCollum with a rebound.
6:46 of 2nd period - Snap shot by Sam Steel.
6:46 of 2nd period - Shot Misses the Net.
6:48 of 2nd period - Slapshot by Torey Krug.
6:48 of 2nd period - Shot Blocked by Matt Benning.
6:50 of 2nd period - Wrist shot by Dominik Kahun.
6:50 of 2nd period - Stopped by Tom McCollum without a rebound.
6:51 of 2nd period - Anze Kopitar wins face-off versus Anthony Cirelli in Blues zone.
6:52 of 2nd period - Wrist shot by Jeff Skinner.
6:52 of 2nd period - Stopped by Tom McCollum with a rebound.
6:54 of 2nd period - Slapshot by Torey Krug.
6:54 of 2nd period - Shot Misses the Net.
6:56 of 2nd period - Snap shot by Jeff Skinner.
6:56 of 2nd period - Shot Blocked by MacKenzie Weegar.
6:58 of 2nd period - Snap shot by Anze Kopitar.
6:58 of 2nd period - Shot Misses the Net.
7:00 of 2nd period - Slapshot by Pavel Buchnevich.
7:00 of 2nd period - Shot Misses the Net.
7:23 of 2nd period - Snap shot by Michael Frolik.
7:23 of 2nd period - Stopped by Devan Dubnyk with a rebound.
9:27 of 2nd period - Snap shot by Anthony Cirelli.
9:27 of 2nd period - Shot Misses the Net.
9:29 of 2nd period - Backhand shot by Jason Demers.
9:29 of 2nd period - Stopped by Devan Dubnyk with a rebound.
9:31 of 2nd period - Snap shot by Cody Eakin.
9:31 of 2nd period - Shot Misses the Net.
9:45 of 2nd period - Wrist shot by Jeff Skinner.
9:45 of 2nd period - Stopped by Tom McCollum with a rebound.
9:47 of 2nd period - Slapshot by Neal Pionk.
9:47 of 2nd period - Shot Blocked by Jeremy Bracco.
9:49 of 2nd period - Slapshot by Calvin de Haan.
9:49 of 2nd period - Stopped by Tom McCollum with a rebound.
9:59 of 2nd period - Snap shot by Anthony Cirelli.
9:59 of 2nd period - Stopped by Devan Dubnyk with a rebound.
10:19 of 2nd period - Slapshot by Radek Faksa.
10:19 of 2nd period - Shot Misses the Net.
10:31 of 2nd period - MacKenzie Weegar is hit by Dominik Kahun and loses puck.
10:51 of 2nd period - Cody Eakin is hit by Anze Kopitar and loses puck.
11:02 of 2nd period - Jeff Skinner is hit by Adam Fox and loses puck.
11:21 of 2nd period - Snap shot by Curtis Lazar.
11:21 of 2nd period - Stopped by Devan Dubnyk with a rebound.
11:23 of 2nd period - Wrist shot by Denis Malgin.
11:23 of 2nd period - Shot Misses the Net.
11:25 of 2nd period - Backhand shot by MacKenzie Weegar.
11:25 of 2nd period - Goal by MacKenzie Weegar - Blues : 1 - Devils : 4.
11:26 of 2nd period - Patrice Bergeron wins face-off versus Melker Karlsson in neutral zone.
11:39 of 2nd period - Jason Demers is hit by Johnny Gaudreau and loses puck.
11:52 of 2nd period - Pavel Buchnevich is hit by Ryan Reaves and loses puck.
12:04 of 2nd period - Minor Penalty to Ryan Reaves for Hooking.
12:05 of 2nd period - Patrice Bergeron wins face-off versus Anthony Cirelli in Blues zone.
14:04 of 2nd period - Penalty to Ryan Reaves is over, Ryan Reaves is back on ice.
14:35 of 2nd period - Brendan Smith is hit by Roope Hintz and loses puck.
14:46 of 2nd period - Slapshot by Radek Faksa.
14:46 of 2nd period - Stopped by Tom McCollum with a rebound.
16:01 of 2nd period - Radek Faksa is hit by Curtis Lazar and loses puck.
16:57 of 2nd period - Jeff Skinner is hit by Melker Karlsson and loses puck.
18:08 of 2nd period - Jordan Oesterle is hit by Radek Faksa and loses puck.
19:10 of 2nd period - Slapshot by Neal Pionk.
19:10 of 2nd period - Deflect By Corey Perry.
19:10 of 2nd period - Stopped by Tom McCollum with a rebound.
19:24 of 2nd period - Minor Penalty to Michael Frolik for Holding.
19:25 of 2nd period - Anze Kopitar wins face-off versus Anthony Cirelli in Blues zone.
19:40 of 2nd period - Wrist shot by Anze Kopitar.
19:40 of 2nd period - Shot Misses the Net.
19:57 of 2nd period - Snap shot by Patrice Bergeron.
19:57 of 2nd period - Shot Blocked by Matt Benning.
19:59 of 2nd period - Wrist shot by Alex DeBrincat.
19:59 of 2nd period - Shot Misses the Net.
Goals for this period are 1 for Blues vs 1 for Devils.
Shots for this period are 12 for Blues vs 13 for Devils.

3rd period


0:01 of 3rd period - Patrice Bergeron wins face-off versus Anthony Cirelli in neutral zone.
0:08 of 3rd period - Jason Demers is hit by Johnny Gaudreau and loses puck.
0:39 of 3rd period - Colin White is hit by Anze Kopitar and loses puck.
1:24 of 3rd period - Penalty to Michael Frolik is over, Michael Frolik is back on ice.
1:31 of 3rd period - Jason Demers is hit by Kyle Turris and loses puck.
1:40 of 3rd period - Wrist shot by Kyle Turris.
1:40 of 3rd period - Shot Hit the Post.
1:42 of 3rd period - Wrist shot by Dominik Kahun.
1:42 of 3rd period - Goal by Dominik Kahun - Blues : 1 - Devils : 5.
1:43 of 3rd period - Anthony Cirelli wins face-off versus Johnny Gaudreau in neutral zone.
3:31 of 3rd period - Snap shot by Valtteri Filppula.
3:31 of 3rd period - Stopped by Tom McCollum without a rebound.
3:32 of 3rd period - Radek Faksa wins face-off versus Anthony Cirelli in Blues zone.
3:32 of 3rd period - Torey Krug is hit by Anthony Cirelli and loses puck.
3:39 of 3rd period - Adam Fox is hit by Radek Faksa and loses puck.
4:06 of 3rd period - Snap shot by Ryan Reaves.
4:06 of 3rd period - Stopped by Devan Dubnyk with a rebound.
4:28 of 3rd period - Wrist shot by Jeff Skinner.
4:28 of 3rd period - Stopped by Tom McCollum with a rebound.
5:00 of 3rd period - Curtis Lazar is hit by Jared Spurgeon and loses puck.
5:47 of 3rd period - Snap shot by Denis Malgin.
5:47 of 3rd period - Stopped by Devan Dubnyk with a rebound.
5:49 of 3rd period - Slapshot by Matt Benning.
5:49 of 3rd period - Shot Misses the Net.
5:51 of 3rd period - Slapshot by Adam Fox.
5:51 of 3rd period - Shot Blocked by Calvin de Haan.
5:53 of 3rd period - Snap shot by Adam Fox.
5:53 of 3rd period - Shot Misses the Net.
6:03 of 3rd period - Wrist shot by Calvin de Haan.
6:03 of 3rd period - Stopped by Tom McCollum without a rebound.
6:04 of 3rd period - Radek Faksa wins face-off versus Dominik Simon in Blues zone.
6:09 of 3rd period - Wrist shot by Radek Faksa.
6:09 of 3rd period - Shot Misses the Net.
6:11 of 3rd period - Snap shot by Roope Hintz.
6:11 of 3rd period - Goal by Roope Hintz - Blues : 1 - Devils : 6.
6:12 of 3rd period - Patrice Bergeron wins face-off versus Anthony Cirelli in neutral zone.
6:27 of 3rd period - Snap shot by Colin White.
6:27 of 3rd period - Shot Misses the Net.
6:42 of 3rd period - Wrist shot by Corey Perry.
6:42 of 3rd period - Shot Blocked by Neal Pionk.
6:44 of 3rd period - Slapshot by Adam Fox.
6:44 of 3rd period - Shot Misses the Net.
6:46 of 3rd period - Wrist shot by Corey Perry.
6:46 of 3rd period - Stopped by Devan Dubnyk with a rebound.
7:04 of 3rd period - Kyle Turris is hit by Denis Malgin and loses puck.
7:15 of 3rd period - MacKenzie Weegar is hit by Radek Faksa.
7:36 of 3rd period - Off-side.
7:37 of 3rd period - Patrice Bergeron wins face-off versus Melker Karlsson in neutral zone.
7:46 of 3rd period - Snap shot by Johnny Gaudreau.
7:46 of 3rd period - Shot Blocked by Melker Karlsson.
7:48 of 3rd period - Wrist shot by Patrice Bergeron.
7:48 of 3rd period - Goal by Patrice Bergeron - Blues : 1 - Devils : 7.
7:49 of 3rd period - Anze Kopitar wins face-off versus Anthony Cirelli in neutral zone.
8:54 of 3rd period - Adam Fox is hit by Kyle Turris.
9:34 of 3rd period - Wrist shot by Radek Faksa.
9:34 of 3rd period - Stopped by Tom McCollum without a rebound.
9:35 of 3rd period - Patrice Bergeron wins face-off versus Melker Karlsson in Blues zone.
9:49 of 3rd period - Off-side.
9:50 of 3rd period - Anze Kopitar wins face-off versus Anthony Cirelli in neutral zone.
10:17 of 3rd period - Johnny Gaudreau is hit by Corey Perry and loses puck.
10:30 of 3rd period - Snap shot by Michael Frolik.
10:30 of 3rd period - Shot Blocked by Neal Pionk.
10:49 of 3rd period - Snap shot by Ryan Reaves.
10:49 of 3rd period - Stopped by Devan Dubnyk without a rebound.
10:50 of 3rd period - Anze Kopitar wins face-off versus Anthony Cirelli in Devils zone.
10:57 of 3rd period - Slapshot by Jared Spurgeon.
10:57 of 3rd period - Deflect By Anze Kopitar.
10:57 of 3rd period - Goal by Anze Kopitar - Blues : 1 - Devils : 8.
10:58 of 3rd period - Anthony Cirelli wins face-off versus Anze Kopitar in neutral zone.
11:01 of 3rd period - Snap shot by Colin White.
11:01 of 3rd period - Stopped by Devan Dubnyk with a rebound.
11:09 of 3rd period - Snap shot by Anthony Cirelli.
11:09 of 3rd period - Shot Misses the Net.
11:46 of 3rd period - Snap shot by Sam Steel.
11:46 of 3rd period - Shot Misses the Net.
11:48 of 3rd period - Wrist shot by Dominik Kahun.
11:48 of 3rd period - Shot Misses the Net.
11:54 of 3rd period - Slapshot by Jordan Oesterle.
11:54 of 3rd period - Stopped by Devan Dubnyk without a rebound.
11:55 of 3rd period - Anze Kopitar wins face-off versus Anthony Cirelli in Devils zone.
12:04 of 3rd period - Wrist shot by Jeff Skinner.
12:04 of 3rd period - Shot Blocked by Anthony Cirelli.
12:06 of 3rd period - Wrist shot by Torey Krug.
12:06 of 3rd period - Stopped by Tom McCollum with a rebound.
12:08 of 3rd period - Slapshot by Torey Krug.
12:08 of 3rd period - Shot Blocked by Cody Eakin.
12:10 of 3rd period - Snap shot by Anze Kopitar.
12:10 of 3rd period - Shot Misses the Net.
12:28 of 3rd period - Matt Benning is hit by Torey Krug and loses puck.
12:49 of 3rd period - Snap shot by Curtis Lazar.
12:49 of 3rd period - Stopped by Devan Dubnyk with a rebound.
12:51 of 3rd period - Snap shot by Curtis Lazar.
12:51 of 3rd period - Shot Misses the Net.
12:53 of 3rd period - Slapshot by Matt Benning.
12:53 of 3rd period - Stopped by Devan Dubnyk with a rebound.
13:21 of 3rd period - Minor Penalty to Anthony Cirelli for High sticking.
13:22 of 3rd period - Patrice Bergeron wins face-off versus Jeremy Bracco in Blues zone.
13:39 of 3rd period - Jeremy Bracco is hit by Torey Krug and loses puck.
15:21 of 3rd period - Penalty to Anthony Cirelli is over, Anthony Cirelli is back on ice.
15:27 of 3rd period - Anthony Cirelli is hit by Neal Pionk and loses puck.
15:36 of 3rd period - Snap shot by Adam Fox.
15:36 of 3rd period - Stopped by Devan Dubnyk without a rebound.
15:37 of 3rd period - Radek Faksa wins face-off versus Anthony Cirelli in Devils zone.
15:42 of 3rd period - Snap shot by Jared Spurgeon.
15:42 of 3rd period - Stopped by Tom McCollum without a rebound.
15:43 of 3rd period - Radek Faksa wins face-off versus Dominik Simon in Blues zone.
17:29 of 3rd period - Calvin de Haan is hit by Colin White and loses puck.
17:44 of 3rd period - Snap shot by Curtis Lazar.
17:44 of 3rd period - Shot Blocked by Dominik Kahun.
17:46 of 3rd period - Snap shot by Ryan Reaves.
17:46 of 3rd period - Stopped by Devan Dubnyk with a rebound.
17:48 of 3rd period - Slapshot by Denis Malgin.
17:48 of 3rd period - Shot Blocked by Calvin de Haan.
18:17 of 3rd period - Icing by MacKenzie Weegar.
18:18 of 3rd period - Sam Steel wins face-off versus Dominik Simon in Blues zone.
18:23 of 3rd period - Snap shot by Dominik Kahun.
18:23 of 3rd period - Shot Misses the Net.
18:25 of 3rd period - Slapshot by Sam Steel.
18:25 of 3rd period - Shot Misses the Net.
18:27 of 3rd period - Snap shot by Dominik Kahun.
18:27 of 3rd period - Shot Misses the Net.
18:29 of 3rd period - Snap shot by Sam Steel.
18:29 of 3rd period - Deflect By Kyle Turris.
18:29 of 3rd period - Stopped by Tom McCollum with a rebound.
18:31 of 3rd period - Slapshot by Dominik Kahun.
18:31 of 3rd period - Shot Blocked by MacKenzie Weegar.
18:33 of 3rd period - Wrist shot by Kyle Turris.
18:33 of 3rd period - Stopped by Tom McCollum without a rebound.
18:34 of 3rd period - Anze Kopitar wins face-off versus Anthony Cirelli in Blues zone.
18:35 of 3rd period - Snap shot by Jeff Skinner.
18:35 of 3rd period - Shot Misses the Net.
18:37 of 3rd period - Slapshot by Brandon Carlo.
18:37 of 3rd period - Shot Blocked by Jason Demers.
18:39 of 3rd period - Wrist shot by Brandon Carlo.
18:39 of 3rd period - Shot Misses the Net.
18:41 of 3rd period - Snap shot by Anze Kopitar.
18:41 of 3rd period - Stopped by Tom McCollum with a rebound.
19:00 of 3rd period - Jason Demers is hit by Sam Steel and loses puck.
19:07 of 3rd period - Slapshot by Kyle Turris.
19:07 of 3rd period - Stopped by Tom McCollum with a rebound.
19:09 of 3rd period - Slapshot by Torey Krug.
19:09 of 3rd period - Shot Blocked by Jason Demers.
19:23 of 3rd period - Melker Karlsson is hit by Jonathon Merrill and loses puck.
19:30 of 3rd period - Slapshot by Patrice Bergeron.
19:30 of 3rd period - Stopped by Tom McCollum without a rebound.
19:31 of 3rd period - Anze Kopitar wins face-off versus Melker Karlsson in Blues zone.
19:34 of 3rd period - Snap shot by Pavel Buchnevich.
19:34 of 3rd period - Stopped by Tom McCollum with a rebound.
19:52 of 3rd period - Minor Penalty to Jeff Skinner for High sticking.
19:53 of 3rd period - Valtteri Filppula wins face-off versus Anthony Cirelli in Devils zone.
Goals for this period are 0 for Blues vs 4 for Devils.
Shots for this period are 10 for Blues vs 16 for Devils. Output by the SimonT Hockey Simulator (STHS) for Eric Tremblay - Original Page W3C HTML5 Valid
Hockey Simulator - Hockey Simulation - Hockey Manager